 Dungeon Crawl Stone Soup version 0.27.0-1-g7a089689b8 (webtiles) character file.

Game seed: 14589642814639553224

2793 nicksoapdish the Covert (level 9, 0/60 HPs)
             Began as an Octopode Brigand on Aug 10, 2021.
             Was an Initiate of Dithmenos.
             Slain by a vampire mosquito (12 damage)
             ... on level 7 of the Dungeon.
             The game lasted 00:22:55 (8935 turns).

nicksoapdish the Covert (Octopode Brigand)          Turns: 8935, Time: 00:22:56

Health: 0/60       AC:  1    Str: 10    XL:     9   Next: 71%
Magic:  12/14      EV: 13    Int: 14    God:    Dithmenos [......]
Gold:   288        SH:  5    Dex: 16    Spells: 10/15 levels left

rFire    . . .     SeeInvis .   s - +1 short sword (drain)
rCold    . . .     Faith    .   (no shield)
rNeg     . . .     Spirit   .   (helmet restricted)
rPois    .         Reflect  +   e - amulet of reflection
rElec    .         Harm     .   (no ring)
rCorr    .         Rampage  .   (no ring)
Will     .....                  (no ring)
Stlth    ++++++....             (no ring)
HPRegen  0.20/turn              (no ring)
MPRegen  0.14/turn              (no ring)
                                (no ring)
                                (no ring)

@: mighty, wereblooded
A: almost no armour, amphibious, 8 rings, camouflage 1, gelatinous body 1,
(nimble swimmer 1), tentacles
a: Renounce Religion


You were on level 7 of the Dungeon.
You worshipped Dithmenos.
Dithmenos was noncommittal.
You visited 2 branches of the dungeon, and saw 8 of its levels.

You collected 288 gold pieces.

Inventory:

Hand Weapons
 a - a +2 dagger
 s - a +1 short sword of draining (weapon)
Missiles
 b - 9 poisoned darts (quivered)
 f - 200 stones
 g - 2 throwing nets
Jewellery
 e - an amulet of reflection (around mantle)
Scrolls
 h - 2 scrolls of amnesia
 l - a scroll of blinking {unknown}
 m - a scroll of brand weapon {unknown}
 p - 3 scrolls of teleportation
 r - a scroll of noise {unknown}
 t - a scroll of immolation {unknown}
 u - a scroll of magic mapping {unknown}
Potions
 c - 2 potions of haste
 d - 3 potions of lignification
 i - a potion of ambrosia {unknown}
 j - a potion of curing {unknown}
 n - a potion of attraction {unknown}
 o - a potion of mutation {unknown}
 q - a potion of brilliance {unknown}
 v - 3 potions of heal wounds {unknown}


   Skills:
 * Level 4.9 Fighting
 * Level 7.5 Short Blades
 - Level 2.0 Throwing
 - Level 1.0 Dodging
 + Level 11.6 Stealth
 - Level 0.9 Shields
 * Level 3.5 Spellcasting
 * Level 4.1 Transmutations
 * Level 1.3 Poison Magic


You had 10 spell levels left.
You knew the following spells:

 Your Spells              Type           Power      Damage    Failure   Level
a - Wereblood             Tmut           14%        N/A       5%          2
b - Spider Form           Tmut/Pois      5%         N/A       21%         3

Your spell library contained the following spells:

 Spells                   Type           Power      Damage    Failure   Level
 Beastly Appendage        Tmut           28%        N/A       3%          1
 Shock                    Conj/Air       8%         1d3       21%         1
 Gell's Gravitas          Tloc           1%         N/A       52%         3
 Lesser Beckoning         Tloc           1%         N/A       52%         3
 Swiftness                Air            2%         N/A       52%         3
 Teleport Other           Tloc           2%         N/A       52%         3
 Airstrike                Air            1%         N/A       90%         4


Dungeon Overview and Level Annotations

Branches:
Dungeon (7/15)             Temple (1/1) D:6

Altars:
Ashenzari
Cheibriados
Dithmenos
Elyvilon
Fedhas
Gozag
Hepliaklqana
Makhleb
Nemelex Xobeh
Okawaru
Qazlal
Ru
Trog
Uskayaw
Vehumet
Wu Jian
Xom
Zin
The Shining One

Annotations:
D:5 exclusion: statue


Innate Abilities, Weirdness & Mutations

You cannot wear most types of armour.
You are amphibious.
You can wear up to eight rings at the same time.
Your skin changes colour to match your surroundings (Stealth+).
Your rubbery body absorbs attacks. (AC +1, EV +1)
((You are camouflaged near water. (Stealth+)))
You have tentacles for arms and can constrict up to eight enemies at once.


Message History

The vampire mosquito closely misses you.
The vampire mosquito escapes!
You puncture the vampire mosquito!
The vampire mosquito is severely damaged.
You constrict the vampire mosquito. The vampire mosquito bites you.
* * * LOW HITPOINT WARNING * * *
The vampire mosquito draws strength from your injuries!
The vampire mosquito barely misses you.
You closely miss the vampire mosquito. Your grab misses the vampire mosquito.
The vampire mosquito is severely damaged.
You constrict the vampire mosquito.
The vampire mosquito closely misses you. x2
The vampire mosquito barely misses you.
The vampire mosquito bites you but does no damage.
The vampire mosquito barely misses you.
You barely miss the vampire mosquito. Your grab misses the vampire mosquito.
The vampire mosquito is severely damaged.
You constrict the vampire mosquito.
You feel a bit better.
You destroy the vampire mosquito!
Dithmenos accepts your kill.
The vampire mosquito closely misses you.
The vampire mosquito completely misses you.
The vampire mosquito misses you.
You hit the vampire mosquito. You grab the vampire mosquito.
The vampire mosquito is almost destroyed.
You constrict the vampire mosquito.
The vampire mosquito completely misses you.
The vampire mosquito barely misses you.
The vampire mosquito closely misses you.
You puncture the vampire mosquito! Your grab misses the vampire mosquito.
Your squeeze misses the vampire mosquito.
The vampire mosquito is moderately damaged.
You constrict the vampire mosquito. The vampire mosquito bites you.
* * * LOW HITPOINT WARNING * * *
The vampire mosquito draws strength from your injuries!
The vampire mosquito bites you but does no damage.
You closely miss the vampire mosquito. Your grab misses the vampire mosquito.
The vampire mosquito is moderately damaged.
You constrict the vampire mosquito. The vampire mosquito bites you!
You die...

......+.........#...
.PPP..#.........# .
P≈≈≈P##.........##########
♣≈♣≈P.#..................#
♣♣♣P≈....................# ♣
♣♣P.P..................# ♣
♣≈P≈..................#
♣♣♣♣PP#>........y........#
P♣P≈≈..........y@........#
≈≈≈P≈########'######.....#
PPP.## #.......# +.....# ###.#
#..(....# #.....#
##..####.......# #.....#
.......#>....y## #.....#
.......#......######.....#..
.......#....yy#..........'...
.......#......#..........#...#


You could see 2 vampire mosquitoes.

Vanquished Creatures
  2 slime creatures (D:5)
  A wraith (D:6)
  2 vampire mosquitoes (D:7)
  A water moccasin (D:6)
  A sky beast (D:5)
  2 black bears
  An ice beast (D:6)
  2 necrophages (D:5)
  A centaur (D:6)
  A phantom (D:5)
  A kobold brigand (D:5)
  4 scorpions (D:5)
  A water moccasin skeleton (D:5)
  A water moccasin zombie (D:6)
  2 howler monkeys (D:6)
  3 hounds
  2 jellies (D:5)
  4 orc priests
  3 iguanas
  An orc wizard (D:3)
  Natasha (thrice) (D:3)
  Terence (D:3)
  A hound skeleton (D:4)
  6 adders
  7 gnolls
  A shadow imp (D:7)
  An adder skeleton (D:4)
  A worm (D:5)
  2 dart slugs
  17 orcs
  2 bats
  11 endoplasms
  4 giant cockroaches
  8 goblins
  9 hobgoblins
  13 jackals
  13 kobolds
  3 quokkas
  6 ball pythons
  3 frilled lizards (D:1)
  5 rats
153 creatures vanquished.

Vanquished Creatures (others)
  7 fungi
  A plant (D:1)
  7 toadstools (D:5)
15 creatures vanquished.

Grand Total: 168 creatures vanquished

Notes
Turn   | Place    | Note
-------+----------+-------------------------------------------
     0 | D:1      | nicksoapdish the Octopode Brigand began the quest for the
                  | Orb.
     0 | D:1      | Reached XP level 1. HP: 14/14 MP: 1/1
   110 | D:1      | Found a faded altar of an unknown god.
   133 | D:1      | Reached XP level 2. HP: 16/19 MP: 2/2
   203 | D:1      | Reached skill level 6 in Stealth
   656 | D:1      | Reached XP level 3. HP: 19/24 MP: 3/3
   666 | D:1      | Learned a level 2 spell: Wereblood
  1234 | D:2      | Reached XP level 4. HP: 29/29 MP: 4/4
  1382 | D:2      | Reached skill level 7 in Stealth
  2110 | D:3      | Noticed Natasha
  2118 | D:3      | Killed Natasha
  2199 | D:3      | Noticed a black bear
  2205 | D:3      | Killed a black bear
  2206 | D:3      | Reached skill level 1 in Spellcasting
  2206 | D:3      | Reached XP level 5. HP: 35/35 MP: 4/6
  2288 | D:3      | Reached skill level 1 in Transmutations
  2445 | D:3      | Identified a scroll of acquirement
  2446 | D:3      | Acquired an amulet of reflection
  2505 | D:3      | Reached XP level 6. HP: 30/41 MP: 7/7
  3001 | D:3      | Noticed Terence
  3072 | D:3      | Found a hide-covered altar of Uskayaw.
  3368 | D:3      | Killed Terence
  3369 | D:3      | Reached skill level 8 in Stealth
  3496 | D:3      | Noticed Natasha
  3531 | D:3      | Killed Natasha
  3580 | D:3      | Noticed Natasha
  3596 | D:3      | Killed Natasha
  4228 | D:4      | You fall into a shaft and drop 1 floor!
  4228 | D:5      | Entered Level 5 of the Dungeon
  4229 | D:5      | Found a radiant altar of Vehumet.
  4239 | D:5      | Reached XP level 7. HP: 34/46 MP: 9/9
  4350 | D:5      | Reached skill level 9 in Stealth
  5551 | D:5      | Reached skill level 5 in Short Blades
  5551 | D:5      | Reached skill level 10 in Stealth
  5551 | D:5      | Reached XP level 8. HP: 31/52 MP: 11/11
  6652 | D:5      | Noticed a slime creature
  6652 | D:5      | Noticed a slime creature
  7037 | D:5      | Killed a slime creature
  7038 | D:5      | Reached skill level 11 in Stealth
  7060 | D:5      | Killed a slime creature
  7061 | D:5      | Reached XP level 9. HP: 10/59 MP: 13/13
  7066 | D:5      | HP: 2/59 [acid (6)]
  7810 | D:6      | Found a staircase to the Ecumenical Temple.
  7817 | Temple   | Entered the Ecumenical Temple
  7895 | Temple   | Became a worshipper of Dithmenos the Shadowed
  8426 | D:6      | Learned a level 3 spell: Spider Form
  8927 | D:7      | Reached skill level 1 in Poison Magic
  8935 | D:7      | Slain by a vampire mosquito

Illustrated notes

Levels and vault maps discovered:
D:1:      dpeg_arrival_boxorama, layout_rooms,
          shapermc_ecumenical_altar_mp_urbaneastern
D:2:      layout_basic
D:3:      layout_basic, nicolae_uskayaw_suspiria, uniq_terence, uniq_natasha
D:4:      layout_loops_ring
D:5:      cheibrodos_fertilizer, layout_basic, vehumet_statue
D:6:      layout_gridville, minmay_temple_entry_junction_2
D:7:      layout_gridville, kennysheep_diamond, serial_bayou_pond_c,
          minivault_19, minmay_shop_damaged
Temple:   regret_index_temple_chain_breaker

Skill      XL: |  1  2  3  4  5  6  7  8  9 |
---------------+----------------------------+-----
Stealth        | 6 7 8 10 11 | 11.6
Short Blades   | 3 4 5 6 7 |  7.5
Spellcasting   | 1 2 3 |  3.5
Transmutations | 1 3 4 |  4.1
Fighting       | 3 4 |  4.9
Poison Magic   | 1 |  1.3
Throwing       | |  2.0
Dodging        | |  1.0
Shields        | |  0.9

Action                   |  1- 3 |  4- 6 |  7- 9 || total
-------------------------+-------+-------+-------++-------
Melee: Dagger            |   108 |    92 |    73 ||   273
       Constrict         |    15 |    27 |    32 ||    74
       Tentacles         |    10 |    21 |    54 ||    85
       Short sword       |       |       |   156 ||   156
Throw: Dart              |    11 |    44 |    29 ||    84
       Stone             |       |       |     2 ||     2
 Cast: Wereblood         |       |       |     6 ||     6
  Use: Potion            |     1 |       |     5 ||     6
       Scroll            |       |     8 |       ||     8
 Stab: Sleeping          |     8 |    11 |    12 ||    31
       Distracted        |       |       |     2 ||     2
Armor: Skin              |    18 |     2 |     9 ||    29
Dodge: Dodged            |    43 |    30 |    91 ||   164
Block: Other             |       |     7 |    17 ||    24
